 Dungeon Crawl Stone Soup version 0.29-a0-96-g93358da72b (webtiles) character file.

Game seed: 17813888769951353343

3436 dracfodder the Fighter (level 10, 0/102 HPs)
             Began as an Ogre Berserker on Feb 12, 2022.
             Was an Elder of Trog.
             Slain by a yak (9 damage)
             ... on level 8 of the Dungeon.
             The game lasted 00:29:42 (8483 turns).

dracfodder the Fighter (Ogre Berserker)             Turns: 8483, Time: 00:29:43

Health: 0/102      AC:  5    Str: 33    XL:     10   Next: 5%
Magic:  10/10      EV: 10    Int:  8    God:    Trog [****..]
Gold:   479        SH:  0    Dex:  8    Spells: 9/9 levels left

rFire   . . .      SeeInvis .   a - +0 war axe
rCold   . . .      Faith    .   (no shield)
rNeg    . . .      Spirit   .   G - +0 steam dragon scales
rPois   .          Reflect  .   (helmet restricted)
rElec   .          Harm     .   e - +1 cloak
rCorr   .          Rampage  .   (gloves unavailable)
Will    +++..      Clarity  +   (boots unavailable)
Stlth   ++........              (no amulet)
HPRegen 1.27/turn               A - +6 ring of strength
MPRegen 0.12/turn               t - +4 ring of slaying

@: strong-willed, regenerating
A: large, unfitting armour, tough skin 1, clarity, deformed body, frail 1
a: Renounce Religion, Berserk, Trog's Hand, Brothers in Arms


You were on level 8 of the Dungeon.
You worshipped Trog.
Trog was greatly pleased with you.
You visited 1 branch of the dungeon, and saw 9 of its levels.
You also visited: Sewer and Ossuary.

You collected 479 gold pieces.

Inventory:

Hand Weapons
 a - a +0 war axe (weapon)
 l - a +1 hand axe
 D - a +2 vorpal trident
Missiles
 k - 6 boomerangs (quivered)
 n - 220 stones
 o - 3 silver javelins
 r - 30 poisoned darts
 B - 5 large rocks
Armour
 b - a +0 animal skin
 e - a +1 cloak (worn)
 G - +0 steam dragon scales (worn)
Jewellery
 c - a +4 ring of evasion
 d - a ring of see invisible
 j - a ring of protection from cold
 t - a +4 ring of slaying (right hand)
 v - a ring of poison resistance
 A - a +6 ring of strength (left hand)
 J - a +6 ring of strength
Wands
 w - a wand of charming (5)
 z - a wand of acid (14)
 F - a wand of iceblast (6)
 H - a wand of flame (10)
Scrolls
 i - a scroll of blinking
 m - 2 scrolls of teleportation
 y - a scroll of fear
Potions
 f - 3 potions of flight
 g - 4 potions of haste
 h - a potion of mutation
 p - 3 potions of magic
 q - 2 potions of might
 s - a potion of heal wounds
 u - a potion of berserk rage
 x - 4 potions of resistance
 C - 3 potions of lignification
 E - a potion of ambrosia {unknown}
 I - a potion of curing


   Skills:
 * Level 11.2 Fighting
 + Level 9.7 Axes
 + Level 2.1 Throwing
 + Level 5.5 Dodging
 + Level 2.6 Stealth


You had 9 spell levels left.
You didn't know any spells.
Your spell library was empty.

Dungeon Overview and Level Annotations

Branches:
Dungeon (9/15)             Temple (0/1) D:6           Sewer (visited)
Ossuary (visited)
   Lair: D:8-11         Orc: D:9-12

Altars:
Gozag
Nemelex Xobeh
Qazlal
Xom
Yredelemnul

Shops:
D:1 (=


Innate Abilities, Weirdness & Mutations

You are too large for most types of armour.
You have tough skin. (AC +1)
You possess an exceptional clarity of mind.
Armour fits poorly on your strangely shaped body.
You are frail. (-10% HP)


Message History

A yak comes into view.
The troll shouts!
You slash the troll!
The troll is moderately wounded.
The troll bites you. The troll closely misses you.
The troll completely misses you.
There is a stone staircase leading up here.
You barely miss the yak. You slash the troll! You closely miss the yak.
The yak gores you! x2; The troll bites you.
The troll claws you. The troll claws you!
You slice the troll!!
You kill the troll!
Trog accepts your kill.
You hit the yak. You slash the yak! The yak gores you.
You have reached level 10!
The yak gores you!
* * * LOW HITPOINT WARNING * * *
The yak barely misses you.
You climb upwards.
There is a stone staircase leading down here.
Your skin crawls.
You feel strong-willed. Trog will no longer gift you weapons.
You feel a little less mighty now. The yak gores you.
* * * LOW HITPOINT WARNING * * *
The yak closely misses you.
You barely miss the yak.
The yak is lightly wounded.
You slash the yak! The yak gores you.
* * * LOW HITPOINT WARNING * * *
The yak gores you.
* * * LOW HITPOINT WARNING * * *
Unknown command.
You barely miss the yak.
The yak is lightly wounded.
You slash the yak! The yak gores you!
* * * LOW HITPOINT WARNING * * *
The yak gores you!
You die...

#> #.# ##.##.#
.#...# #.#..# #)#..#
#.#..#### ###
######.)...).# #.#
#..<##....##[#####.#
#.......).)...Y@Y..#
#..<##.#.###.####<.#
##.###.#.#
#.####).###.#.# #.
#.#.#
#^.....)......# ..
..#.#
######.#.##.### ...
....# #)#.# ###.
#..### #.#.# #. #..
#.#.# #. #.#.#


You could see 2 yaks.

Vanquished Creatures
  A troll (D:9)
  Grinder (D:5)
  A wraith (Ossuary)
  A steam dragon (D:7)
  The ghost of Cecur the Gusty, an amateur DrAE (D:4)
  An orc warrior (D:8)
  A sky beast (D:5)
  2 black bears
  An ice beast (D:6)
  A necrophage (D:7)
  An ogre (D:4)
  A phantom (D:4)
  A bullfrog (D:7)
  A gnoll sergeant (D:7)
  3 kobold brigands
  A wyvern zombie (D:6)
  3 scorpions
  A killer bee (D:5)
  2 howler monkeys (D:7)
  A bullfrog zombie (D:6)
  4 hounds
  5 orc priests
  2 bullfrog skeletons (D:5)
  2 centaur skeletons
  An iguana (D:5)
  Ijyb (D:3)
  8 orc wizards
  A killer bee zombie (D:6)
  3 hound skeletons
  A mummy (Ossuary)
  14 gnolls
  11 adders
  8 river rats (Sewer)
  2 shadow imps (D:7)
  2 adder skeletons (D:4)
  A worm (D:4)
  3 dart slugs
  26 orcs
  10 ball pythons
  A bat (D:1)
  5 endoplasms
  8 giant cockroaches
  8 goblins
  6 hobgoblins
  3 jackals (D:3)
  25 kobolds
  2 quokkas
  7 frilled lizards
  5 gnoll skeletons (Ossuary)
  9 kobold skeletons (Ossuary)
  11 orc skeletons (Ossuary)
  A quokka skeleton (D:4)
  24 rats
246 creatures vanquished.

Vanquished Creatures (others)
  A quokka (D:4)
  13 fungi (D:4)
14 creatures vanquished.

Grand Total: 260 creatures vanquished

Notes
Turn   | Place    | Note
-------+----------+-------------------------------------------
     0 | D:1      | dracfodder the Ogre Berserker began the quest for the Orb.
     0 | D:1      | Reached XP level 1. HP: 24/24 MP: 1/1
    87 | D:1      | Found Uceutan's Weapon Shop.
   263 | D:1      | Reached XP level 2. HP: 33/33 MP: 2/2
   540 | D:1      | Found Hiklus's Jewellery Boutique.
   968 | D:2      | Reached skill level 5 in Fighting
   968 | D:2      | Reached XP level 3. HP: 30/42 MP: 3/3
  1347 | D:2      | Found a faded altar of an unknown god.
  1352 | D:2      | Reached ** piety under Trog
  1354 | D:2      | Reached XP level 4. HP: 50/50 MP: 4/4
  2001 | D:3      | Reached XP level 5. HP: 48/59 MP: 5/5
  2296 | D:3      | Found a basalt altar of Yredelemnul.
  2436 | D:4      | Reached skill level 6 in Fighting
  2436 | D:4      | Reached XP level 6. HP: 59/67 MP: 6/6
  2552 | D:4      | Reached skill level 1 in Throwing
  2633 | D:4      | Found a shimmering altar of Xom.
  2656 | D:4      | Found a runed translucent gate.
  2656 | D:4      | Found a runed translucent gate.
  2656 | D:4      | Found an opulent altar of Gozag.
  2668 | D:4      | Found a runed translucent gate.
  2675 | D:4      | Found a glowing drain.
  2675 | D:4      | Noticed Cecur's ghost (amateur DrAE)
  2822 | D:4      | Reached skill level 5 in Axes
  2844 | Sewer    | Entered a sewer
  2913 | Sewer    | Reached *** piety under Trog
  2931 | Sewer    | Reached XP level 7. HP: 67/76 MP: 7/7
  3030 | Sewer    | Reached skill level 7 in Fighting
  3225 | Sewer    | Reached **** piety under Trog
  3931 | D:4      | Found a stormy altar of Qazlal.
  4296 | D:3      | Noticed Ijyb
  4304 | D:3      | Killed Ijyb
  4492 | D:4      | Reached XP level 8. HP: 87/87 MP: 8/8
  4493 | D:4      | Killed Cecur's ghost
  4494 | D:4      | Reached skill level 1 in Stealth
  4548 | D:5      | Entered Level 5 of the Dungeon
  4570 | D:5      | Found a sparkling altar of Nemelex Xobeh.
  4709 | D:5      | Reached skill level 8 in Fighting
  4837 | D:5      | Noticed Grinder
  4840 | D:5      | Paralysed by Grinder for 7 turns
  4860 | D:5      | HP: 3/89 [Grinder (4)]
  4865 | D:5      | Killed Grinder
  5309 | D:6      | Reached skill level 9 in Fighting
  5452 | D:6      | Reached XP level 9. HP: 42/98 MP: 9/9
  5466 | D:6      | Found a staircase to the Ecumenical Temple.
  5625 | D:6      | Found a sand-covered staircase.
  5629 | Ossuary  | Entered an ossuary
  5633 | Ossuary  | Gained mutation: You tend to lose your temper in combat.
                  | [potion of mutation]
  5633 | Ossuary  | Gained mutation: Your spells are a little easier to cast,
                  | but a little less powerful. [potion of mutation]
  5633 | Ossuary  | Gained mutation: You are somewhat resistant to further
                  | mutation. [potion of mutation]
  5634 | Ossuary  | Lost mutation: You tend to lose your temper in combat.
                  | [potion of mutation]
  5634 | Ossuary  | Lost mutation: You are somewhat resistant to further
                  | mutation. [potion of mutation]
  5634 | Ossuary  | Lost mutation: Your spells are a little easier to cast, but
                  | a little less powerful. [potion of mutation]
  5634 | Ossuary  | Gained mutation: You possess an exceptional clarity of
                  | mind. [potion of mutation]
  5634 | Ossuary  | Gained mutation: Armour fits poorly on your strangely
                  | shaped body. [potion of mutation]
  5634 | Ossuary  | Gained mutation: You are frail. (-10% HP) [potion of
                  | mutation]
  5816 | Ossuary  | Reached skill level 5 in Dodging
  7162 | D:6      | Reached skill level 10 in Fighting
  7830 | D:7      | Reached ***** piety under Trog
  8446 | D:8      | Reached skill level 11 in Fighting
  8471 | D:9      | Noticed a troll
  8478 | D:9      | Killed a troll
  8479 | D:9      | Reached XP level 10. HP: 33/102 MP: 10/10
  8483 | D:8      | Slain by a yak

Illustrated notes

Levels and vault maps discovered:
D:1:      lightli_arrival_boilingwater, layout_basic, serial_shops,
          nicolae_shop_bloodbath_and_beyond, nicolae_shop_hallway_plus,
          st_stairs_7
D:2:      layout_loops_cross, hellmonk_ecumenical_altar_zigzags, st_stairs_11
D:3:      kennysheep_goblin_castle, layout_basic,
          nicolae_overflow_hidden_temple, minmay_misc_feat_rows
D:4:      layout_rooms, mainiacjoe_overflow_catch_the_wave, ebering_ghost_gozag,
          gup_sewer_entry_glass
D:5:      layout_loops_ring, mainiacjoe_overflow_surrounded_room,
          grunt_ministairs_9, st_stairs_13, minmay_pentangle, uniq_grinder
D:6:      layout_rooms, minmay_temple_entry_mist, enter_ossuary_5
D:7:      lemuel_ice_spiral_2, layout_rooms
D:8:      layout_loops_ring, lemuel_round_altar, minmay_small_thing
D:9:      layout_rooms, mainiacjoe_overflow_alcove_4, minmay_lair_entry_grove,
          serial_curves, eino_curves_03, eino_curves_03, worms_lemuel

Skill      XL: |  1  2  3  4  5  6  7  8  9 |
---------------+----------------------------+-----
Fighting       | 5 6 7 9 11 | 11.2
Dodging        | 3 4 5 |  5.5
Axes           | 4 5 6 8 9 |  9.7
Throwing       | 1 2 |  2.1
Stealth        | 1 2 |  2.6

Action                   |  1- 3 |  4- 6 |  7- 9 | 10-12 || total
-------------------------+-------+-------+-------+-------++-------
Melee: Hand axe          |    84 |   156 |     8 |       ||   248
       Punch             |     1 |     1 |     7 |       ||     9
       War axe           |       |       |   312 |     2 ||   314
Throw: Boomerang         |       |     9 |    21 |       ||    30
       Dart              |       |     2 |       |       ||     2
       Large rock        |       |       |     5 |       ||     5
Invok: Berserk           |     1 |     1 |     9 |       ||    11
       Trog's Hand       |       |     1 |     4 |     1 ||     6
  Use: Scroll            |       |     2 |    14 |       ||    16
       Potion            |       |       |    12 |       ||    12
 Stab: Distracted        |       |       |     2 |       ||     2
       Sleeping          |       |       |     1 |       ||     1
Armor: Animal skin       |    28 |    54 |    89 |       ||   171
       Steam dragon scal |       |       |     6 |       ||     6
Dodge: Dodged            |    65 |   127 |   181 |     2 ||   375

Table legend: (Time is in decaauts)
 A = Elapsed time spent in this place.
 B = Non-inter-level travel time spent in this place.
 C = Inter-level travel time spent in this place.
 D = Time resting spent in this place.
 E = Time spent auto-exploring this place.
 F = Levels seen in this place.
 G = Mean time per level.
                   A        B        C        D        E       F      G
               +--------+--------+--------+--------+--------+-----+--------+
         Total |   8673 |   8345 |    328 |   1264 |   5082 |  11 |  788.5 |
       Dungeon |   7661 |   7333 |    328 |   1014 |   4773 |   9 |  851.2 |
         Sewer |    734 |    734 |      0 |    171 |    300 |   1 |  734.0 |
       Ossuary |    277 |    277 |      0 |     79 |      9 |   1 |  277.0 |
               +--------+--------+--------+--------+--------+-----+--------+

Top non-repeatable levels by time:
     D:5: 1896 daAuts
     D:6: 1051 daAuts
     D:3: 1039 daAuts
     D:2: 1030 daAuts
     D:4: 994 daAuts
     D:1: 845 daAuts
   Sewer: 734 daAuts
     D:7: 693 daAuts
 Ossuary: 277 daAuts
     D:8: 101 daAuts
     D:9: 9 daAuts
